 Dungeon Crawl Stone Soup version 0.31.0-32-g396128a36d (webtiles) character file.

Game seed: 4573580931159166705

1634 hawla the Carver (level 8, -10/64 HPs)
             Began as a Minotaur Monk on Apr 9, 2024.
             Mangled by an orc warrior
             ... wielding a +0 battleaxe
              (16 damage)
             ... on level 6 of the Dungeon.
             The game lasted 00:07:56 (4990 turns).

hawla the Carver (Minotaur Monk)                    Turns: 4990, Time: 00:07:56

Health: -10/64     AC: 10    Str: 16    XL:     8   Next: 66%
Magic:  7/7        EV: 11    Int: 13    God:
Gold:   236        SH:  0    Dex: 13    Spells: 7/7 levels left

rFire   . . .        v - +0 long sword
rCold   . . .        d - orb {light}
rNeg    . . .        s - +3 ring mail "Vusk" {rElec Dex-2 Slay+2}
rPois   .            (helmet restricted)
rElec   +            j - +0 cloak
rCorr   +            u - +0 pair of gloves
SInv    .            (no boots)
Will    +....        (no amulet)
Stlth   +            l - +6 ring of intelligence
HPRegen 0.30/turn    b - ring of resist corrosion
MPRegen 0.10/turn

%: random rage (3%)
@: brilliant, enlightened, flying, glowing
A: horns 2, retaliatory headbutt, berserk 1
a: no special abilities


You were on level 6 of the Dungeon.
You visited 1 branch of the dungeon, and saw 6 of its levels.

You collected 293 gold pieces.
You spent 57 gold pieces at shops.

Inventory:

Hand Weapons
 v - a +0 long sword (weapon)
Missiles
 g - 2 throwing nets
 k - 12 poisoned darts (quivered)
 m - 6 atropa-tipped darts
Armour
 d - an orb of light (worn)
 j - a +0 cloak (worn)
 s - the +3 ring mail "Vusk" (worn) {rElec Dex-2 Slay+2}
   (You found it on level 2 of the Dungeon)

   Dex-2:     It affects your dexterity (-2).
   Slay+2:    It affects your accuracy & damage with ranged weapons and melee
   (+2).
   rElec:     It insulates you from electricity.
 u - a +0 pair of gloves (worn)
Jewellery
 b - a ring of resist corrosion (right hand)
 l - a +6 ring of intelligence (left hand)
Wands
 i - a wand of charming (12)
Scrolls
 a - a scroll of identify
 e - 2 scrolls of fog
 f - a scroll of poison
 h - a scroll of blinking
 p - 4 scrolls of teleportation
 q - a scroll of fear
 t - a scroll of enchant weapon
Potions
 r - a potion of brilliance


   Skills:
 - Level 3.6 Fighting
 + Level 13.4 Long Blades
 - Level 3.2 Dodging


You had 7 spell levels left.
You didn't know any spells.
Your spell library was empty.

Dungeon Overview and Level Annotations

Branches:
Dungeon (6/15)             Temple (0/1) D:5

Altars:
Cheibriados
Dithmenos
Elyvilon
Zin
The Shining One

Shops:
D:2 *


Innate Abilities, Weirdness & Mutations

You have a pair of horns on your head.
You reflexively headbutt those who attack you in melee.
You sometimes lose your temper in combat.


Message History

You are too injured to fight recklessly!
You are too injured to fight recklessly!
You are too injured to fight recklessly!
You are too injured to fight recklessly!
The orc warrior shoots a bolt.
The bolt closely misses you.
The orc warrior unwields a +0 arbalest.
The orc warrior wields a +0 battleaxe.
The orc warrior barely misses you.
You barely miss the orc warrior. You headbutt the orc warrior.
The orc warrior is lightly wounded.
You hit the orc warrior but do no damage.
The orc warrior is lightly wounded.
The orc warrior hits you with a +0 battleaxe!
* * * LOW HITPOINT WARNING * * *
You hit the orc warrior.
The orc warrior is lightly wounded.
The orc warrior completely misses you. You furiously retaliate!
You headbutt the orc warrior.
It was a potion of enlightenment.
You feel very buoyant.
You fly up into the air.
The orc warrior misses you.
It was a potion of brilliance.
You feel clever all of a sudden.
The orc warrior hits you with a +0 battleaxe!
* * * LOW HITPOINT WARNING * * *
You feel better. The orc warrior barely misses you.
It was a potion of mutation.
You feel extremely strange.
You feel a little pissed off.
The orc warrior hits you with a +0 battleaxe!
* * * LOW HITPOINT WARNING * * *
Unknown command.
You hit the orc warrior but do no damage.
You headbutt the orc warrior.
The orc warrior is moderately wounded.
You feel better.
The orc warrior hits you with a +0 battleaxe.
* * * LOW HITPOINT WARNING * * *
You hit the orc warrior.
The orc warrior is heavily wounded.
The orc warrior hits you with a +0 battleaxe!
You die...

#...........
#.########## ♣##
♣##.# ...
########### #
♣#P..P ..#
#.........#
P#P.... ..#
#.#######)#
♣P..... ..# #.#
#.# ♣PP###. ..#
#.# #@# ♣PP..†#
..# #.# #o#
♣P.÷... ..# #.#
#o# ♣......
..######.# #..
♣.÷.§..
....))...#########
♣.....÷
...).)........#
♣#÷..÷.
####.##.#####.#
♣PP.))P ####.##.#
♣♣P.)P# .....##.#
###.##


You could see an orc warrior and an orc wizard (invisible).

Vanquished Creatures
  Sigmund (D:3)
  Eustachio (D:4)
  A water moccasin (D:4)
  A black bear (D:4)
  A phantom (D:4)
  2 kobold brigands (D:6)
  A scorpion (D:5)
  4 wights (D:6)
  A howler monkey (D:6)
  2 bombardier beetles
  2 hounds
  3 jellies
  An orc priest (D:4)
  3 orc wizards
  8 gnolls
  2 adders
  A shadow imp (D:5)
  2 ufetubi (D:6)
  3 dart slugs
  13 orcs
  5 endoplasms
  3 giant cockroaches
  4 goblins
  5 hobgoblins
  8 jackals
  14 kobolds
  5 quokkas
  11 ball pythons
  4 bats
  12 frilled lizards
  3 rats
127 creatures vanquished.

Vanquished Creatures (collateral kills)
  An ogre (D:6)
  An orc wizard (D:6)
  2 orcs (D:6)
4 creatures vanquished.

Grand Total: 131 creatures vanquished

Notes
Turn   | Place    | Note
-------+----------+-------------------------------------------
     0 | D:1      | hawla the Minotaur Monk began the quest for the Orb.
     0 | D:1      | Reached XP level 1. HP: 19/19 MP: 0/0
    37 | D:1      | Reached skill level 4 in Long Blades
    91 | D:1      | Reached XP level 2. HP: 26/26 MP: 1/1
   622 | D:2      | Reached skill level 5 in Long Blades
   622 | D:2      | Reached XP level 3. HP: 29/31 MP: 2/2
   716 | D:2      | Reached XP level 4. HP: 39/39 MP: 3/3
   729 | D:2      | Reached skill level 6 in Long Blades
  1205 | D:2      | Found Ehiadom's Assorted Antiques.
  1208 | D:2      | Bought a scroll labelled RETASU VOKUOH for 30 gold pieces
  1208 | D:2      | Bought a coppery potion for 27 gold pieces
  1338 | D:2      | Identified the +3 ring mail "Vusk" {rElec Dex-2 Slay+2}
  1992 | D:3      | Noticed Sigmund
  2002 | D:3      | Killed Sigmund
  2003 | D:3      | Reached skill level 8 in Long Blades
  2003 | D:3      | Reached XP level 5. HP: 38/45 MP: 4/4
  2149 | D:3      | Reached XP level 6. HP: 46/51 MP: 5/5
  2772 | D:4      | Reached skill level 9 in Long Blades
  2877 | D:4      | Noticed a water moccasin
  2886 | D:4      | Killed a water moccasin
  2887 | D:4      | Reached skill level 10 in Long Blades
  2887 | D:4      | Reached XP level 7. HP: 42/57 MP: 6/6
  3007 | D:4      | Found a white marble altar of Elyvilon.
  3012 | D:4      | Found a glowing silver altar of Zin.
  3012 | D:4      | Found a snail-covered altar of Cheibriados.
  3023 | D:4      | Found a glowing golden altar of the Shining One.
  3026 | D:4      | Found a shadowy altar of Dithmenos.
  3262 | D:4      | Noticed Eustachio
  3280 | D:4      | Killed Eustachio
  3281 | D:4      | Reached skill level 11 in Long Blades
  3512 | D:5      | Entered Level 5 of the Dungeon
  3726 | D:5      | Found a staircase to the Ecumenical Temple.
  4076 | D:5      | Reached XP level 8. HP: 62/64 MP: 7/7
  4378 | D:6      | Reached skill level 12 in Long Blades
  4852 | D:6      | Reached skill level 13 in Long Blades
  4987 | D:6      | Gained mutation: You sometimes lose your temper in combat.
                  | [potion of mutation]
  4987 | D:6      | HP: 1/64 [orc warrior/+0 battleaxe (16)]
  4990 | D:6      | Mangled by an orc warrior

Illustrated notes

Levels and vault maps discovered:
D:1:      dpeg_arrival_short_road, layout_basic
D:2:      layout_loops_ring, serial_shops, nicolae_shop_behind_doors,
          minmay_door_square
D:3:      layout_basic, reono_crystal_passage, uniq_sigmund
D:4:      layout_loops_ring, minmay_overflow_temple_star_hex,
          grunt_ministairs_6, uniq_eustachio
D:5:      layout_cave_pods, minmay_temple_entry_waves, chequers_mini_garden
D:6:      layout_loops_ring, lexackson_kobold_supper

Skill      XL: |  1  2  3  4  5  6  7  8 |
---------------+-------------------------+-----
Long Blades    | 4 5 8 10 11 13 | 13.4
Fighting       | |  3.6
Dodging        | |  3.2

Action                     |  1- 3 |  4- 6 |  7- 9 || total
---------------------------+-------+-------+-------++-------
  Melee: Falchion          |    58 |    95 |    46 ||   199
         Headbutt          |    14 |    20 |    30 ||    64
         Long sword        |       |       |    82 ||    82
  Throw: Throwing net      |     1 |       |       ||     1
         Dart              |       |     1 |     1 ||     2
    Use: Scroll            |     2 |     3 |     3 ||     8
         Potion            |     2 |       |     5 ||     7
 Armour: Robe              |    35 |    12 |       ||    47
         Ring mail         |       |    46 |    87 ||   133
  Dodge: Dodged            |    41 |    44 |    70 ||   155
